 Dungeon Crawl Stone Soup version 0.32-a0-42-ga30500b4d3 (webtiles) character file.

Game seed: 10036554257001441980

4 SolarTheDude the Caller (level 1, 0/14 HPs)
             Began as a Hill Orc Summoner on Jan 27, 2024.
             Slain by a rat (2 damage)
             ... on level 1 of the Dungeon.
             The game lasted 00:02:49 (159 turns).

SolarTheDude the Caller (Hill Orc Summoner)          Turns: 159, Time: 00:02:49

Health: 0/14       AC:  2    Str: 10    XL:     1   Next: 60%
Magic:  3/3        EV:  9    Int: 15    God:
Gold:   5          SH:  0    Dex: 11    Spells: 2/3 levels left

rFire   . . .        f - +0 dagger
rCold   . . .        (no shield)
rNeg    . . .        a - +0 robe
rPois   .            (no helmet)
rElec   .            (no cloak)
rCorr   .            (no gloves)
SInv    .            (no boots)
Will    .....        (no amulet)
Stlth   ++           (no ring)
HPRegen 0.22/turn    (no ring)
MPRegen 0.08/turn

%: no passive effects
@: constricted
A: no striking features
a: no special abilities


You were on level 1 of the Dungeon.
You visited 1 branch of the dungeon, and saw 1 of its levels.

You collected 5 gold pieces.

Inventory:

Hand Weapons
 d - a +0 club
 f - a +0 dagger (weapon)
Missiles
 e - a stone
Armour
 a - a +0 robe (worn)
 c - a +0 ring mail
Potions
 b - a potion of magic


   Skills:
 + Level 1.5 Dodging
 + Level 1.6 Stealth
 + Level 1.5 Spellcasting
 + Level 4.2 Summonings


You had 2 spell levels left.
You knew the following spells:

 Your Spells              Type           Power      Damage    Failure   Level
a - Summon Small Mammal   Summ           52%        N/A       4%          1

Your spell library contained the following spells:

 Spells                   Type           Power      Damage    Failure   Level
 Call Imp                 Summ           26%        N/A       6%          2
 Kiss of Death            Conj/Necr      4%         2d5       24%         1
 Call Canine Familiar     Summ           13%        N/A       12%         3
 Confusing Touch          Hex            1%         N/A       56%         3
 Summon Blazeheart Golem  Fire/Summ      7%         N/A       69%         4
 Summon Lightning Spire   Summ/Air       7%         N/A       69%         4
 Dispel Undead            Necr           1%         3d6       93%         4


Dungeon Overview and Level Annotations

Branches:
Dungeon (1/15)

Altars:


Message History

There is an open door here.
You open the door.
A ball python comes into view.
A rat comes into view.
The ball python misses you. The ball python completely misses you.
There is an open door here.
You barely miss the ball python. The ball python bites you.
The ball python barely misses you.
You hit the ball python.
The ball python is severely wounded.
The ball python bites you. The ball python grabs you.
The ball python constricts you.
You hit the ball python.
You kill the ball python!
The rat squeaks loudly.
You hear an angry hiss.
A ball python comes into view.
The rat bites you.
You see here a ball python corpse.
The rat barely misses you. The ball python bites you.
The ball python misses you.
The ball python barely misses you. x2; The rat misses you.
The rat closely misses you.
You hit the rat but do no damage.
The ball python bites you but does no damage.
The ball python barely misses you. The ball python closely misses you.
The ball python misses you. The rat bites you.
You hit the ball python.
The ball python is severely wounded.
The ball python completely misses you. The ball python grabs you.
The ball python constricts you. The rat bites you.
* * * LOW HITPOINT WARNING * * *
You closely miss the rat.
The ball python bites you but does no damage.
The ball python constricts you. The rat bites you.
* * * LOW HITPOINT WARNING * * *
You closely miss the ball python.
The ball python is severely wounded.
The ball python barely misses you. The ball python constricts you.
The rat bites you.
You die...

#........#
#........#
#........#
#........#
#........#
+........#.
#..........
#.S........
####
#.@r.....##
...####
#..†.....#
....... .#
###'######
....#.. ..#
#.# ....#.#
..# #.#
....#.# ...
#.#
....#.##.#
#.#
.........#
####'##
.#.##..#.#
#.....#


You could see a ball python and a rat.

Vanquished Creatures
  A ball python (D:1)
  2 kobolds (D:1)
  A goblin (D:1)
4 creatures vanquished.

Notes
Turn   | Place    | Note
-------+----------+-------------------------------------------
     0 | D:1      | SolarTheDude the Hill Orc Summoner began the quest for the
                  | Orb.
     0 | D:1      | Reached XP level 1. HP: 14/14 MP: 3/3
   159 | D:1      | Slain by a rat

Illustrated notes

Levels and vault maps discovered:
D:1:      scummos_arrival_forest, layout_basic

Action                     || total
---------------------------++-------
  Melee: Unarmed           ||    15
         Club              ||     7
         Dagger            ||     7
   Cast: Summon Small Mamm ||     1
    Use: Scroll            ||     1
 Armour: Robe              ||    22
  Dodge: Dodged            ||    28

Table legend: (Time is in decaauts)
 A = Elapsed time spent in this place.
 B = Non-inter-level travel time spent in this place.
 C = Inter-level travel time spent in this place.
 D = Time resting spent in this place.
 E = Time spent auto-exploring this place.
 F = Levels seen in this place.
 G = Mean time per level.
                   A        B        C        D        E       F      G
               +--------+--------+--------+--------+--------+-----+--------+
         Total |    160 |    158 |      2 |      0 |      0 |   1 |  160.0 |
       Dungeon |    160 |    158 |      2 |      0 |      0 |   1 |  160.0 |
               +--------+--------+--------+--------+--------+-----+--------+

Top non-repeatable levels by time:
     D:1: 160 daAuts
